 Dungeon Crawl Stone Soup version 0.29-a0-821-g66395355a5 (webtiles) character file.

Game seed: 1205846428342510494

1656 RevDB the Insei (level 8, -2/102 HPs)
             Began as a White Draconian Transmuter on July 6, 2022.
             Was a Believer of Sif Muna.
             Slain by a kobold brigand
             ... wielding a +0 dagger
              (4 damage)
             ... on level 6 of the Dungeon on July 7, 2022.
             The game lasted 01:01:22 (5792 turns).

RevDB the Insei (White Draconian Transmuter)        Turns: 5792, Time: 01:01:23

Health: -2/102     AC: 24    Str: 13    XL:     8   Next: 68%
Magic:  9/14       EV:  2    Int: 13    God:    Sif Muna [**....]
Gold:   375        SH:  5    Dex: 14    Spells: 6/15 levels left

rFire   + . .      SeeInvis .   A - staff of cold
rCold   + . .      Faith    .   (no shield)
rNeg    . . .      Spirit   .   (body armour unavailable)
rPois   +          Reflect  +   (helmet currently unavailable)
rElec   .          Harm     .   (cloak currently unavailable)
rCorr   .          Rampage  .   (gloves currently unavailable)
Will    .....      NoTele   +   (boots currently unavailable)
Stlth   +.........              j - amulet of reflection
HPRegen 0.27/turn               e - ring of wizardry
MPRegen 0.14/turn               q - ring of protection from fire

@: tree-form, wereblooded, very slow
A: stationary, stasis, torment immunity, boosted hp, (breathe frost), AC +6,
unfitting armour, (cold resistance 1), (cold-blooded)
a: Renounce Religion, Channel Magic


You were on level 6 of the Dungeon.
You worshipped Sif Muna.
Sif Muna was pleased with you.
You were a tree.
You visited 2 branches of the dungeon, and saw 7 of its levels.
You also visited: Ossuary.

You collected 375 gold pieces.

Inventory:

Hand Weapons
 f - a +1 dagger of electrocution
 m - a +1 short sword of protection
 E - the +3 quarterstaff "Jellyslayer" {speed, Fly rN+ Str+4}
   (You found it on level 5 of the Dungeon)

   Attacks with this weapon are significantly faster.
   Str:       It affects your strength (+4).
   rN:        It protects you from negative energy.
   Fly:       It grants you flight.
Armour
 g - a +0 pair of boots (melded)
 r - a +0 kite shield
 t - a scarf of harm
 G - a +0 pair of gloves (melded)
Magical Staves
 h - a staff of poison
 A - a staff of cold (weapon)
Jewellery
 e - a ring of wizardry (left branch)
 j - an amulet of reflection (around neck)
 q - a ring of protection from fire (right branch)
 s - a ring of resist corrosion
 x - a ring of wizardry
Wands
 n - a wand of digging (2)
 w - a wand of iceblast (4)
Scrolls
 a - a scroll of magic mapping
 d - a scroll of immolation
 i - 2 scrolls of blinking
 l - 5 scrolls of fear
 o - 4 scrolls of noise {unknown}
 y - 2 scrolls of enchant weapon {unknown}
 C - a scroll of identify
 D - a scroll of teleportation {unknown}
 F - a scroll of acquirement {unknown}
 H - a scroll of torment {unknown}
Potions
 b - a potion of haste {unknown}
 c - 6 potions of curing {unknown}
 k - 2 potions of cancellation {unknown}
 p - 2 potions of flight {unknown}
 u - 2 potions of invisibility {unknown}
 v - a potion of lignification
 z - a potion of heal wounds {unknown}
 B - 2 potions of might {unknown}


   Skills:
 - Level 5.0 Fighting
 + Level 3.1 Dodging
 - Level 6.0 Unarmed Combat
 - Level 4.0 Spellcasting
 - Level 3.0 Translocations
 - Level 5.0 Transmutations
 - Level 5.0 Ice Magic


You had 6 spell levels left.
You knew the following spells:

 Your Spells              Type           Power      Damage    Failure   Level
a - Beastly Appendage     Tmut           30%        N/A       1%          1
b - Wereblood             Tmut           15%        N/A       1%          2
c - Ice Form              Ice/Tmut       23%        N/A       11%         4
d - Blink                 Tloc           20%        N/A       3%          2

Your spell library contained the following spells:

 Spells                   Type           Power      Damage    Failure   Level
 Lesser Beckoning         Tloc           10%        N/A       8%          3
 Spider Form              Tmut/Pois      9%         N/A       9%          3
 Summon Guardian Golem    Hex/Summ       2%         N/A       24%         3
 Manifold Assault         Tloc           10%        N/A       52%         5
 Orb of Destruction       Conj           1%         9d5       100%        7
 Spellforged Servitor     Conj/Summ      1%         N/A       100%        7


Dungeon Overview and Level Annotations

Branches:
Dungeon (6/15)             Temple (1/1) D:6         Ossuary (visited)

Altars:
Ashenzari
Cheibriados
Dithmenos
Elyvilon
Hepliaklqana
Kikubaaqudgha
Makhleb
Nemelex Xobeh
Okawaru
Ru
Sif Muna
Trog
Uskayaw
Vehumet
Wu Jian
Xom
Yredelemnul
Zin
The Shining One

Shops:
D:1 *

Annotations:
D:6 avis's ghost, novice DgIE


Innate Abilities, Weirdness & Mutations

You are a tree.
Your roots penetrate the ground, keeping you stationary.
You cannot be teleported.
You are immune to unholy pain and torment.
Your maximum health is greatly increased.
Your equipment is partially melded.
((You can breathe waves of freezing cold which knock back foes.))
((Your icy white scales are hard. (AC +6)))
You cannot fit into any form of body armour.
((Your flesh is cold resistant. (rC+)))
((You are cold-blooded and may be slowed by cold attacks.))


Message History

Space warps around you.
You closely miss the kobold brigand.
The kobold brigand is severely wounded.
You howl as the wereblood boils in your veins!
You feel yourself speed up.
The kobold brigand hits you but does no damage.
Space warps horribly around you!!
* * * LOW HITPOINT WARNING * * *
Casting: Wereblood (safe; 1% risk of failure)
Confirm with . or Enter, or press ? or * to list all spells.
You blink.
Floosh!
You warm up again.
Your staff of cold unmelds from your body.
Your +0 pair of gloves unmelds from your body.
Your +0 pair of boots unmelds from your body.
You turn into a tree.
Your +0 pair of gloves melds into your body.
Your +0 pair of boots melds into your body.
Your roots penetrate the ground.
The kobold brigand throws a poisoned dart.
The poisoned dart barely misses you.
You closely miss the kobold brigand.
The kobold brigand completely misses you.
The kobold brigand hits you but does no damage.
You closely miss the kobold brigand.
The kobold brigand hits you but does no damage.
The kobold brigand hits you with a +0 dagger.
* * * LOW HITPOINT WARNING * * *
You closely miss the kobold brigand. You block the kobold brigand's attack.
The kobold brigand hits you but does no damage.
You closely miss the kobold brigand.
You feel stable enough to blink again.
The kobold brigand hits you but does no damage. x2
You block the kobold brigand's attack.
You hit the kobold brigand but do no damage.
You freeze the kobold brigand.
The kobold brigand is lightly wounded.
The kobold brigand hits you with a +0 dagger.
You die...

#.......#####.###.###
#######.# ######..#
###.#
#.######P⌠≈##.####.....#
#....##.$...#..)...#
######$.###.'..#####
#[....KKK.# #..###KKK##
#...KK#K# ##P⌠♣##.#
#####..# ####


You could see 9 kobold brigands.

Vanquished Creatures
  Menkaure (D:6)
  A water moccasin (D:6)
  A sky beast (D:6)
  An ice beast (D:5)
  A centaur (D:6)
  A phantom (D:5)
  A kobold brigand (D:6)
  2 elf zombies (Ossuary)
  5 scorpions
  A howler monkey (D:5)
  A human zombie (Ossuary)
  3 jellies
  An orc priest (D:4)
  3 hounds (D:4)
  3 iguanas
  4 mummies (Ossuary)
  7 adders
  An ufetubus (D:6)
  3 adder zombies (Ossuary)
  3 worms
  17 orcs
  8 ball pythons
  4 endoplasms
  7 giant cockroaches
  5 goblins
  9 hobgoblins
  3 kobolds
  3 quokkas
  2 bats
  5 frilled lizards
  2 goblin zombies (Ossuary)
  A kobold zombie (Ossuary)
  3 orc zombies (Ossuary)
  8 rats
121 creatures vanquished.

Vanquished Creatures (others)
  2 fungi
  3 plants
5 creatures vanquished.

Grand Total: 126 creatures vanquished

Notes
Turn   | Place    | Note
-------+----------+-------------------------------------------
     0 | D:1      | RevDB the Draconian Transmuter began the quest for the Orb.
     0 | D:1      | Reached XP level 1. HP: 16/16 MP: 3/3
   129 | D:1      | You fall into a shaft and drop 1 floor!
   248 | D:2      | Reached XP level 2. HP: 19/23 MP: 5/5
   439 | D:2      | Learned a level 2 spell: Wereblood
   708 | D:1      | Found Fiveawyq's Assorted Antiques.
   713 | D:1      | Reached XP level 3. HP: 29/29 MP: 4/6
  1442 | D:1      | Found a faded altar of an unknown god.
  2005 | D:3      | Reached skill level 4 in Unarmed Combat
  2022 | D:3      | Reached XP level 4. HP: 32/36 MP: 5/7
  2194 | D:3      | Upgraded the game from 0.29-a0-819-g94b489e0ae to
                  | 0.29-a0-821-g66395355a5
  2586 | D:4      | Found a shimmering blue altar of Sif Muna.
  2586 | D:4      | Found an ornate altar of the Wu Jian Council.
  2586 | D:4      | Found a sparkling altar of Nemelex Xobeh.
  2602 | D:4      | Reached XP level 5. HP: 41/41 MP: 6/9
  2602 | D:4      | Found a burning altar of Makhleb.
  2619 | D:4      | Became a worshipper of Sif Muna the Loreminder
  2782 | D:4      | Reached XP level 6. HP: 43/51 MP: 7/10
  3107 | D:4      | Reached * piety under Sif Muna
  3128 | D:4      | Reached skill level 5 in Unarmed Combat
  3669 | D:5      | Entered Level 5 of the Dungeon
  3741 | D:5      | Your scales start taking on an icy white colour.
  3741 | D:5      | Reached XP level 7. HP: 32/59 MP: 9/11
  3741 | D:5      | Gained mutation: Your flesh is cold resistant. (rC+) [White
                  | Draconian growth]
  3826 | D:5      | Found a sand-covered staircase.
  3832 | Ossuary  | Entered an ossuary
  3862 | Ossuary  | Reached skill level 1 in Ice Magic
  4658 | D:5      | Reached ** piety under Sif Muna
  4659 | D:5      | Reached skill level 5 in Fighting
  4664 | D:5      | Learned a level 4 spell: Ice Form
  4815 | D:5      | Identified the +3 quarterstaff "Jellyslayer" {speed, Fly
                  | rN+ Str+4}
  5015 | D:5      | Reached skill level 1 in Translocations
  5015 | D:5      | Reached skill level 5 in Ice Magic
  5015 | D:5      | Reached XP level 8. HP: 68/68 MP: 4/12
  5262 | D:6      | Found a staircase to the Ecumenical Temple.
  5268 | Temple   | Entered the Ecumenical Temple
  5332 | D:6      | Noticed Menkaure
  5360 | D:6      | Killed Menkaure
  5364 | D:6      | Learned a level 2 spell: Blink
  5400 | D:6      | Reached skill level 6 in Unarmed Combat
  5752 | D:6      | Found a runed translucent gate.
  5752 | D:6      | Found a runed translucent gate.
  5752 | D:6      | Found a runed translucent gate.
  5754 | D:6      | Noticed avis's ghost (novice DgIE)
  5772 | D:6      | Paralysed by a kobold brigand for 2 turns
  5782 | D:6      | Reached skill level 5 in Transmutations
  5785 | D:6      | HP: 1/81 [kobold brigand/+1 dagger of distortion (24)]
  5792 | D:6      | Slain by a kobold brigand

Illustrated notes

Levels and vault maps discovered:
D:1:      matt_arrival_refuge, layout_basic, shapermc_ecumenical_altar_petra,
          serial_shops, nicolae_square_shop, fountainhead, kennysheep_boxes
D:2:      layout_loops_ring, serial_aquarium, aquarium_bridge_island_small
          [aquarium_subvault_small_open, aquarium_subvault_bridge,
          aquarium_subvault_balcony, aquarium_subvault_bridge,
          aquarium_subvault_wall], aquarium_bridge_straight
          [aquarium_subvault_bridge, aquarium_subvault_window,
          aquarium_subvault_bridge, aquarium_subvault_wall],
          aquarium_window_corner, aquarium_window_2, aquarium_view_4,
          aquarium_view_2a, aquarium_balcony_3b
D:3:      layout_basic
D:4:      layout_loops_corners, grunt_temple_overflow_open, minmay_diced_spiral
D:5:      layout_layer_cave, enter_ossuary_1, kennysheep_generic_room_14
D:6:      layout_loops_ring, minmay_temple_entry_hall,
          gammafunk_ghost_nasty_kobolds, uniq_menkaure, uniq_prince_ribbit1
Temple:   hellmonk_temple_two_chambers

Skill      XL: |  1  2  3  4  5  6  7  8 |
---------------+-------------------------+-----
Dodging        | 2 3 |  3.1
Fighting       | 2 3 4 5 |  5.0
Unarmed Combat | 4 5 6 |  6.0
Transmutations | 3 4 5 |  5.0
Spellcasting   | 3 4 |  4.0
Ice Magic      | 5 |  5.0
Translocations | 1 3 |  3.0

Action                   |  1- 3 |  4- 6 |  7- 9 || total
-------------------------+-------+-------+-------++-------
Melee: Unarmed           |    94 |   150 |   123 ||   367
       Kick              |    14 |    38 |    19 ||    71
       Headbutt          |    12 |    16 |    16 ||    44
       Tailslap          |     3 |    13 |    14 ||    30
       Punch             |     2 |     2 |     4 ||     8
       Staff             |       |       |    31 ||    31
 Cast: Beastly Appendage |    20 |    22 |    10 ||    52
       Wereblood         |       |     8 |     5 ||    13
       Ice Form          |       |       |     8 ||     8
       Blink             |       |       |     1 ||     1
 Abil: Breathe Frost     |       |       |     5 ||     5
       End Transformatio |       |       |     1 ||     1
  Use: Scroll            |     1 |     3 |     1 ||     5
       Potion            |       |       |     2 ||     2
 Stab: Sleeping          |       |     2 |       ||     2
Armor: Skin              |    23 |    30 |   113 ||   166
Dodge: Dodged            |    33 |    65 |    66 ||   164
Block: Other             |       |    23 |    51 ||    74

Table legend: (Time is in decaauts)
 A = Elapsed time spent in this place.
 B = Non-inter-level travel time spent in this place.
 C = Inter-level travel time spent in this place.
 D = Time resting spent in this place.
 E = Time spent auto-exploring this place.
 F = Levels seen in this place.
 G = Mean time per level.
                   A        B        C        D        E       F      G
               +--------+--------+--------+--------+--------+-----+--------+
         Total |   5774 |   5457 |    317 |    699 |   1417 |   8 |  721.8 |
       Dungeon |   5252 |   4935 |    317 |    433 |   1408 |   6 |  875.3 |
        Temple |     27 |     27 |      0 |      0 |      0 |   1 |   27.0 |
       Ossuary |    494 |    494 |      0 |    266 |      9 |   1 |  494.0 |
               +--------+--------+--------+--------+--------+-----+--------+

Top non-repeatable levels by time:
     D:4: 1074 daAuts
     D:5: 1059 daAuts
     D:2: 970 daAuts
     D:1: 902 daAuts
     D:3: 707 daAuts
     D:6: 538 daAuts
 Ossuary: 494 daAuts
  Temple: 27 daAuts
